 Dungeon Sprint DCSS version 0.17-a0-1805-g6093636 (webtiles) character file.

3166 nuthulu the Grappler (level 9, -1/101 HPs)
             Began as a Troll Hunter on Sept 12, 2015.
             Was an Elder of Trog.
             Slain by a spiny frog (18 damage)
             ... in the Dungeon (Sprint III: "The Ten Rune Challenge").
             The game lasted 00:05:32 (1150 turns).

nuthulu the Grappler (Troll Hunter)                 Turns: 1150, Time: 00:05:32

Health: -1/101     AC:  7    Str: 20    XL:     9   Next: 63%
Magic:  8/8        EV: 14    Int:  7    God:    Trog [****..]
Gold:   27         SH:  0    Dex: 11    Spells: 0 memorised, 8 levels left

rFire  . . .     SeeInvis .       - Unarmed
rCold  + . .     Clarity  +     h - +1 robe {rN+}
rNeg   + . .     SustAt   .     (no shield)
rPois  .         Gourm    +     (helmet restricted)
rElec  .         Spirit   .     l - +0 cloak
rCorr  .         Warding  .     (gloves unavailable)
rMut   .         NoTele   +     (boots unavailable)
MR     +++..                    (no amulet)
Stlth  +.........               (no ring)
                                (no ring)

@: lethally poisoned (-1 -> -2), regenerating, extremely resistant to hostile
enchantments, very unstealthy
A: unfitting armour, claws 3, clarity, clumsy 1, cold resistance 1, fast
metabolism 3, gourmand, magic resistance 1, regeneration 2, shaggy fur 1, tough
skin 2, weak 1
a: Burn Spellbooks, Berserk, Trog's Hand, Brothers in Arms, Renounce Religion


You were in the Dungeon.
You worshipped Trog.
Trog was greatly pleased with you.
You were not hungry.

You visited 1 branch You collected 27 gold pieces.

Inventory:

Missiles
 a - 2 large rocks (quivered)
 b - 10 throwing nets
Armour
 d - a +0 robe
 h - a +1 robe of positive energy (worn)
 l - a +0 cloak (worn)
Magical devices
 f - a wand of digging (12)
Scrolls
 k - a scroll of blinking
 n - a scroll of immolation {unknown}
 o - a scroll of identify
 p - 4 scrolls of remove curse
 t - a scroll of torment {unknown}
Potions
 g - a potion of heal wounds
 i - 2 potions of magic
 r - 3 potions of cure mutation
 s - 2 potions of flight {unknown}
Comestibles
 e - 2 bread rations
 q - a meat ration
 u - 2 royal jellies


   Skills:
 + Level 9.7 Fighting
 + Level 10.9 Throwing
 + Level 9.8 Dodging
 - Level 0.4 Stealth
 + Level 11.2 Unarmed Combat


You had 8 spell levels left.
You didn't know any spells.

Dungeon Overview and Level Annotations

Branches:
Dungeon (1/1)

Altars:
Cheibriados
Dithmenos
Elyvilon
Fedhas
Gozag
Kikubaaqudgha
Makhleb
Nemelex Xobeh
Okawaru
Qazlal
Ru
Sif Muna
Trog
Vehumet
Xom
Yredelemnul
Zin
The Shining One
Jiyva
Lugonu


Innate Abilities, Weirdness & Mutations

You are too large for most types of armour.
You have claws for hands.
Your metabolism is lightning-fast.
You like to eat raw meat.
You heal very quickly.
You are covered in fur (AC +1).
You have very tough skin (AC +2).
You possess an exceptional clarity of mind.
You are clumsy. (Dex -2)
Your flesh is cold resistant.
You are resistant to hostile enchantments.
You are weak. (Str -2)


Message History

The spiny frog stings you but does no damage.
The spiny frog stings you!
You are more poisoned.
The spiny frog poisons you! The spiny frog stings you.
You feel very sick. The spiny frog barely misses you.
The spiny frog stings you!!
You feel very sick.
The spiny frog stings you but does no damage.
The spiny frog closely misses you. The spiny frog stings you!
* * * LOW HITPOINT WARNING * * *
You feel sick.
The spiny frog stings you but does no damage.
Unknown command.
You feel sick.
Unknown command.
Use which ability?
Your skin crawls.
You feel resistant to hostile enchantments.
You feel slightly more hungry.
You feel sick. The spiny frog stings you!!
You die...

....# ###)# ### ###
#..)#+###########.###.#####
#...#....#.#.#..)..#......+
#...##.#........).........#
#...+##.#.#.##.#...#......#
+...#...#..#.)#...+..†....#
▓▓▓▓▓▓▓▓▓▓▓▓▓▓▓▓▓▓#.......#
♣≈≈≈........≈lFF@.#.......#
'♣≈≈≈≈≈≈≈≈≈≈≈≈♣♣P.+.......#
♣♣♣♣♣♣♣♣♣♣♣♣♣♣♣♣PP#.......#
♣♣♣##+######


You could see a komodo dragon and 2 spiny frogs.

Vanquished Creatures
  Erolcha (D)
  A deep elf priest (D)
  3 wandering mushrooms (D)
  A redback (D)
  2 trapdoor spiders (D)
  A shadow (D)
  2 hill giants (D)
  A spatial vortex (D)
  A necrophage (D)
  3 two-headed ogres (D)
  A water elemental (D)
  A jelly (D)
  Crazy Yiuf (D)
  A necromancer (D)
  Jessica (D)
  A wizard (D)
  3 humans (D)
  A kobold demonologist (D)
  An ooze (D)
  A rat (D)
28 creatures vanquished.

Vanquished Creatures (others)
  2 draconian scorchers (D)
  2 fire drakes (D)
  A yaktaur (D)
  4 plants (D)
9 creatures vanquished.

Grand Total: 37 creatures vanquished

Notes
Turn   | Place    | Note
--------------------------------------------------------------
     0 | D        | nuthulu the Troll Hunter began the quest for the Orb.
     0 | D        | Reached XP level 1. HP: 19/19 MP: 0/0
     8 | D        | Reached skill level 1 in Unarmed Combat
    23 | D        | Noticed Jessica
    29 | D        | Killed Jessica
    29 | D        | Reached skill level 4 in Throwing
    29 | D        | Reached XP level 2. HP: 26/29 MP: 1/1
    29 | D        | Reached XP level 3. HP: 32/36 MP: 2/2
    37 | D        | Killed a yaktaur
   121 | D        | Noticed Crazy Yiuf
   124 | D        | Killed Crazy Yiuf
   124 | D        | Reached skill level 5 in Throwing
   124 | D        | Reached XP level 4. HP: 45/48 MP: 3/3
   167 | D        | Gained mutation: You possess an exceptional clarity of mind. [potion of mutation]
   167 | D        | Gained mutation: You are clumsy. (Dex -2) [potion of mutation]
   167 | D        | Gained mutation: You are weak. (Str -2) [potion of mutation]
   168 | D        | Gained mutation: Your flesh is cold resistant. [potion of mutation]
   168 | D        | Gained mutation: You are resistant to hostile enchantments. [potion of mutation]
   205 | D        | Killed a white draconian scorcher
   208 | D        | Killed a white draconian scorcher
   224 | D        | Noticed a water elemental
   232 | D        | Killed a water elemental
   232 | D        | Reached XP level 5. HP: 50/55 MP: 4/4
   243 | D        | Found a glowing silver altar of Zin.
   244 | D        | Found a glowing golden altar of the Shining One.
   244 | D        | Found a white marble altar of Elyvilon.
   244 | D        | Noticed a deep elf priest
   245 | D        | Killed a deep elf priest
   245 | D        | Reached skill level 5 in Fighting
   245 | D        | Reached skill level 7 in Throwing
   245 | D        | Reached skill level 5 in Dodging
   245 | D        | Reached XP level 6. HP: 62/67 MP: 5/5
   266 | D        | Found a radiant altar of Vehumet.
   266 | D        | Found a deep blue altar of Sif Muna.
   266 | D        | Found an ancient bone altar of Kikubaaqudgha.
   266 | D        | Noticed a wizard
   267 | D        | Killed a wizard
   290 | D        | Found a basalt altar of Yredelemnul.
   290 | D        | Found a snail-covered altar of Cheibriados.
   290 | D        | Found a blossoming altar of Fedhas.
   290 | D        | Noticed a necrophage
   290 | D        | Noticed a necromancer
   292 | D        | Killed a necrophage
   300 | D        | Killed a necromancer
   310 | D        | Found an iron altar of Okawaru.
   310 | D        | Found a bloodstained altar of Trog.
   310 | D        | Noticed a human
   314 | D        | Noticed a human
   322 | D        | Killed a human
   322 | D        | Reached skill level 8 in Throwing
   322 | D        | Reached XP level 7. HP: 74/76 MP: 6/6
   333 | D        | Killed a human
   378 | D        | Became a worshipper of Trog the Wrathful
   397 | D        | Killed a fire drake
   431 | D        | Acquired Trog's first power
   431 | D        | Acquired Trog's second power
   442 | D        | Noticed a jelly
   454 | D        | Killed a jelly
   462 | D        | Noticed a shadow
   466 | D        | Killed a shadow
   525 | D        | Found a stormy altar of Qazlal.
   525 | D        | Found a sacrificial altar of Ru.
   525 | D        | Found a burning altar of Makhleb.
   525 | D        | Found a shimmering altar of Xom.
   526 | D        | Found a viscous altar of Jiyva.
   526 | D        | Found a shadowy altar of Dithmenos.
   526 | D        | Found a sparkling altar of Nemelex Xobeh.
   526 | D        | Found a corrupted altar of Lugonu.
   526 | D        | Found an opulent altar of Gozag.
   526 | D        | Noticed a spatial vortex
   537 | D        | Killed a spatial vortex
   537 | D        | Reached skill level 9 in Throwing
   537 | D        | Reached XP level 8. HP: 62/88 MP: 7/7
   584 | D        | Noticed a two-headed ogre
   584 | D        | Noticed a two-headed ogre
   598 | D        | Killed a two-headed ogre
   625 | D        | Killed a two-headed ogre
   638 | D        | Killed a fire drake
   640 | D        | Noticed a two-headed ogre
   644 | D        | Killed a two-headed ogre
   694 | D        | Noticed a hill giant
   703 | D        | Killed a hill giant
   744 | D        | Noticed a hill giant
   744 | D        | Noticed Erolcha
   746 | D        | Noticed a redback
   760 | D        | Killed a hill giant
   766 | D        | Killed Erolcha
   766 | D        | Acquired Trog's third power
   766 | D        | Reached skill level 10 in Throwing
   766 | D        | Reached skill level 10 in Unarmed Combat
   766 | D        | Reached XP level 9. HP: 45/98 MP: 8/8
   773 | D        | Killed a redback
   911 | D        | Noticed a trapdoor spider
   917 | D        | Killed a trapdoor spider
   973 | D        | Noticed a wandering mushroom
   974 | D        | Noticed a trapdoor spider
   983 | D        | Killed a trapdoor spider
  1084 | D        | Noticed a wandering mushroom
  1089 | D        | Killed a wandering mushroom
  1089 | D        | Reached skill level 11 in Unarmed Combat
  1091 | D        | Noticed a wandering mushroom
  1100 | D        | Killed a wandering mushroom
  1107 | D        | Killed a wandering mushroom
  1134 | D        | Noticed a spiny frog
  1134 | D        | Noticed a komodo dragon
  1134 | D        | Noticed a spiny frog
  1150 | D        | Slain by a spiny frog

Vault maps used:
D:        dungeon_sprint_mu

Action                   |  1- 3 |  4- 6 |  7- 9 || total
-------------------------+-------+-------+-------++-------
Melee: Unarmed           |     3 |    10 |    75 ||    88
Throw: Large rock        |    10 |    13 |    12 ||    35
       Throwing net      |       |     2 |     1 ||     3
Invok: Burn Spellbooks   |       |       |     1 ||     1
       Trog's Hand       |       |       |     3 ||     3
       Berserk           |       |       |     1 ||     1
  Use: Potion            |       |     4 |     2 ||     6
       Scroll            |       |     1 |       ||     1
 Stab: Held in net/web   |       |       |     1 ||     1
  Eat: Chunk             |     2 |     3 |     7 ||    12
